 Dungeon Crawl Stone Soup version 0.15-a0-1549-gb42009b (webtiles) character file.

119 Love the Cudgeler (level 5, 0/55 HPs)
             Began as an Ogre Hunter on June 17, 2014.
             Succumbed to a kobold's poison
             ... on Level 3 of the Dungeon.
             The game lasted 00:05:21 (2144 turns).

Love the Cudgeler (Ogre Hunter)                     Turns: 2144, Time: 00:05:21

HP   0/55        AC  3     Str 18      XL: 5   Next:  3%
MP   5/5         EV 15     Int 10      God:
Gold 64          SH  0     Dex 15      Spells:  0 memorised,  4 levels left

rFire  . . .     SeeInvis .     a - +1 club
rCold  . . .     Clarity  .     d - +0 animal skin
rNeg   . . .     rCorr    .     (shield restricted)
rPois  .         rRot     .     (helmet restricted)
rElec  .         Spirit   .     (no cloak)
SustAb .         Warding  .     (gloves unavailable)
rMut   +         Stasis   .     (boots unavailable)
Gourm  .                        p - amulet of resist mutation
MR     .....                    (no ring)
                                (no ring)

@: agile, lethally poisoned, very slightly contaminated, drained, invisible
(expiring), not resistant to hostile enchantments, unstealthy
A: unfitting armour, tough skin 1
a: no special abilities


You were on level 3 of the Dungeon.
You were hungry.

You visited 1 branch of the dungeon, and saw 3 of its levels.

You collected 64 gold pieces.

Inventory:

Hand weapons
 a - a +1 club (weapon)
Missiles
 c - 2 throwing nets
 q - 5 large rocks (quivered)
Armour
 d - a +0 animal skin (worn)
Magical devices
 b - a wand of magic darts (0)
Comestibles
 f - 2 meat rations
 l - a beef jerky
 t - a rotting chunk of goblin flesh
Scrolls
 e - a scroll of blinking {unknown}
 g - a scroll of identify
 i - 2 scrolls of teleportation {unknown}
 r - a scroll of immolation {unknown}
 s - a scroll of amnesia {unknown}
 u - a scroll of remove curse
Jewellery
 p - an amulet of resist mutation (around neck)
Potions
 h - a potion of agility
 j - a potion of might {unknown}
 k - a potion of confusion {unknown}
 m - a potion of magic {unknown}
 n - a potion of restore abilities {unknown}
 o - a potion of cure mutation {unknown}


   Skills:
 + Level 4.5(4.0) Fighting
 * Level 5.0(4.5) Maces & Flails
 - Level 4.3(3.8) Throwing
 - Level 1.7(1.3) Dodging
 - Level 0.7(0.2) Stealth


You had 4 spell levels left.
You didn't know any spells.

Dungeon Overview and Level Annotations

Branches:
Dungeon (3/15)

Altars:
Makhleb
Xom


Innate Abilities, Weirdness & Mutations

You are too large for most types of armour.
You have tough skin (AC +1).


Message History

The kobold wields an uncursed dagger.
The kobold hits you but does no damage.
The crimson imp hits you but does no damage.
* * * LOW HITPOINT WARNING * * *
You feel sick.
The kobold hits you with an uncursed dagger.
* * * LOW HITPOINT WARNING * * *
The crimson imp hits you with a dagger of chaos.
* * * LOW HITPOINT WARNING * * *
x2
* * * LOW HITPOINT WARNING * * *
You feel sick.
The kobold hits you with an uncursed dagger.
* * * LOW HITPOINT WARNING * * *
The crimson imp blinks!
You can move again.
Unknown command.
Unknown command.
Drink which item? (? for menu, Esc to quit)
You feel agile all of a sudden.
It was a potion of agility.
You die...

###### #.(..# ##'##.#
#.ยง.#.# #K@.#.#
##########_5_#.#####
#.......######.....####
#.#####.# #.#####....#
#.#####.####.##...[...#
#.##....(.......##.(..#
#.##.##.####^#####.#.##
#.##.##.# #... ..#.#
#.......# #########.#


You could see a crimson imp and a kobold.

Vanquished Creatures
  Ijyb (D:2)
  A gnoll (D:1)
  4 adders
  2 worms (D:2)
  An orc (D:3)
  3 giant cockroaches (D:1)
  11 goblins
  5 hobgoblins
  6 kobolds
  A ball python (D:1)
  3 bats
  A giant gecko (D:2)
  2 giant newts (D:1)
  4 rats
45 creatures vanquished.

Notes
Turn   | Place    | Note
--------------------------------------------------------------
     0 | D:1      | Love, the Ogre Hunter, began the quest for the Orb.
     0 | D:1      | Reached XP level 1. HP: 22/22 MP: 1/1
   204 | D:1      | Reached XP level 2. HP: 20/31 MP: 2/2
   318 | D:1      | Reached XP level 3. HP: 16/37 MP: 3/3
  1072 | D:2      | Reached XP level 4. HP: 46/48 MP: 4/4
  1332 | D:2      | Noticed Ijyb
  1361 | D:2      | Killed Ijyb
  1870 | D:3      | Reached skill level 5 in Maces & Flails
  1870 | D:3      | Reached XP level 5. HP: 17/55 MP: 5/5
  2123 | D:3      | Found a shimmering altar of Xom.
  2124 | D:3      | Found a burning altar of Makhleb.
  2138 | D:3      | Paralysed by a crimson imp for 6 turns
  2143 | D:3      | HP: 2/55 [kobold/uncursed dagger (4)]
  2144 | D:3      | Succumbed to a kobold's poison

Action                   |  1- 3 |  4- 6 || total
-------------------------+-------+-------++-------
Melee: Club              |   123 |    78 ||   201
Throw: Large rock        |     6 |    12 ||    18
  Use: Scroll            |       |     2 ||     2
       Potion            |       |     1 ||     1
 Stab: Invisible         |       |     1 ||     1
